 Dungeon Crawl Stone Soup version 0.29.1-1-gd02db6906a (webtiles) character file.

Game seed: 6527437885741630329

127 raph the Shield-Bearer (level 5, -2/39 HPs)
             Began as a Human Wanderer on Oct 11, 2022.
             Was a Believer of Fedhas.
             Slain by a gnoll
             ... wielding a +0 spear
              (5 damage)
             ... on level 3 of the Dungeon.
             The game lasted 00:04:48 (2937 turns).

raph the Shield-Bearer (Human Wanderer)             Turns: 2937, Time: 00:04:49

Health: -2/39      AC: 10    Str: 11    XL:     5   Next: 33%
Magic:  3/5        EV: 10    Int: 13    God:    Fedhas [**....]
Gold:   160        SH:  6    Dex: 19    Spells: 4/4 levels left

rFire   . . .      SeeInvis .   h - +0 short sword
rCold   . . .      Faith    +   e - +0 buckler {AC+3}
rNeg    + . .      Spirit   .   c - +0 ring mail
rPois   +          Reflect  .   v - +0 helmet
rElec   .          Harm     .   l - +0 cloak
rCorr   .          Rampage  .   (no gloves)
Will    .....                   (no boots)
Stlth   ++........              f - amulet of faith
HPRegen 0.13/turn               g - ring of Futeva Onuo {rPois rN+ Int+4 Stlth+}
MPRegen 0.09/turn               u - +4 ring of slaying

@: on berserk cooldown, slowed, very slow
A: no striking features
a: Renounce Religion, Wall of Briars


You were on level 3 of the Dungeon.
You worshipped Fedhas.
Fedhas was pleased with you.
You visited 1 branch of the dungeon, and saw 3 of its levels.

You collected 160 gold pieces.

Inventory:

Hand Weapons
 a - a +0 dagger
 h - a +0 short sword (weapon)
Missiles
 q - 3 boomerangs (quivered)
Armour
 c - a +0 ring mail (worn)
 e - a +0 buckler of protection (worn)
 l - a +0 cloak (worn)
 v - a +0 helmet (worn)
Jewellery
 f - an amulet of faith (around neck)
 g - the ring of Futeva Onuo (left hand) {rPois rN+ Int+4 Stlth+}
   (You acquired it on level 2 of the Dungeon)

   [ring of positive energy]

   Int:       It affects your intelligence (+4).
   rPois:     It protects you from poison.
   rN:        It protects you from negative energy.
   Stlth:     It makes you more stealthy.
 k - a ring of wizardry
 p - a +6 ring of strength
 u - a +4 ring of slaying (right hand)
Scrolls
 b - 2 scrolls of butterflies
 j - 2 scrolls of torment
Potions
 d - a potion of brilliance
 m - 3 potions of attraction
 n - a potion of curing {unknown}
 o - a potion of lignification {unknown}
 r - a potion of resistance {unknown}
 s - a potion of magic {unknown}
 t - a potion of mutation {unknown}
 w - a potion of degeneration {unknown}


   Skills:
 + Level 2.5 Fighting
 * Level 2.4 Short Blades
 + Level 1.8 Throwing
 + Level 2.7 Armour
 + Level 1.1 Dodging
 - Level 4.1 Shields
 + Level 1.8 Evocations


You had 4 spell levels left.
You didn't know any spells.
Your spell library contained the following spells:

 Spells                   Type           Power      Damage    Failure   Level
 Tukima's Dance           Hex            0%         N/A       95%         3
 Leda's Liquefaction      Hex/Erth       0%         N/A       100%        4
 Passage of Golubria      Tloc           0%         N/A       100%        4
 Lee's Rapid Deconstruct  Erth           0%         3d5*      100%        5
 Yara's Violent Unravell  Hex/Tmut       0%         3d3       100%        5
 Statue Form              Tmut/Erth      0%         N/A       100%        6


Dungeon Overview and Level Annotations

Branches:
Dungeon (3/15)

Altars:
Fedhas
Nemelex Xobeh


Message History

You kill the bat!
Fedhas appreciates your contribution to the ecosystem.
The bat closely misses you. The ball python misses your butterfly.
The ball python grabs your butterfly.
The ball python constricts your butterfly.
You block the orc's attack. The gnoll barely misses you.
You closely miss the orc.
Your butterfly struggles to escape constriction. x3
The ball python loses its grip on your butterfly.
The orc closely misses you. You block the gnoll's attack.
You hit the orc.
The orc is moderately wounded.
The orc hits you but does no damage.
The gnoll hits you from afar with a +0 spear.
* * * LOW HITPOINT WARNING * * *
The gnoll hits you but does no damage. The orc hits you but does no damage.
Something bites your briar patch.
Your briar patch is poisoned.
Something poisons your briar patch!
You barely miss the orc.
The orc is lightly wounded.
The orc barely misses you. The gnoll closely misses you.
You hit the orc.
The orc is heavily wounded.
You block the orc's attack. The gnoll closely misses you.
The gnoll hits you but does no damage. The orc barely misses you.
You hit the orc but do no damage.
The orc is heavily wounded.
You block the orc's attack.
The gnoll hits you from afar with a +0 spear.
* * * LOW HITPOINT WARNING * * *
Something bites your briar patch. The gnoll closely misses you.
The orc hits you but does no damage.
Something bites your briar patch but does no damage.
You closely miss the orc.
The orc is heavily wounded.
The orc closely misses you.
The gnoll hits you from afar with a +0 spear.
You die...
Fedhas appreciates your contribution to the ecosystem.

...#...............#....#
.....###.......###......#
..#...#......### #..#####
.............# #####
............## #. ....#.###..##
.# ## ## #
..........#####.###.## $# ? .
..#.#........#.##P##.##.###.##.#
###.#........#.#@#S#b#.#.#.#.#.#
#
#.#....#.....P#oS#..#..#..#..#.
# #....##.##...#g..#S..#...#...
#######.#..#....#b...#....#..
#.....#.....#.....#....
#.#....b#......#......#
#.##.......#.....).#...
#................))....
##...........[.).......


You could see a gnoll (ally target), an orc (ally target) and a ball python.

Vanquished Creatures
  3 gnolls (D:3)
  4 adders
  2 dart slugs (D:1)
  An orc (D:3)
  6 ball pythons
  10 bats
  4 endoplasms (D:1)
  A giant cockroach (D:1)
  5 goblins
  3 hobgoblins
  11 kobolds
  2 frilled lizards (D:1)
  4 rats
56 creatures vanquished.

Vanquished Creatures (collateral kills)
  A ball python (D:3)
  A bat (D:3)
2 creatures vanquished.

Grand Total: 58 creatures vanquished

Notes
Turn   | Place    | Note
-------+----------+-------------------------------------------
     0 | D:1      | raph the Human Wanderer began the quest for the Orb.
     0 | D:1      | raph set off with the following items: a +0 dagger, a
                  | scroll of butterflies, a +0 ring mail, a potion of
                  | brilliance, a +0 buckler of protection.
     0 | D:1      | Reached XP level 1. HP: 16/16 MP: 1/1
   244 | D:1      | Reached XP level 2. HP: 16/22 MP: 2/2
   528 | D:1      | Reached skill level 1 in Short Blades
   817 | D:1      | Reached XP level 3. HP: 27/27 MP: 3/3
   903 | D:1      | Found a faded altar of an unknown god.
   921 | D:1      | Prayed at the altar of an unknown god.
   921 | D:1      | Became a worshipper of Fedhas Madash
   921 | D:1      | Reached * piety under Fedhas
  1764 | D:2      | Identified a scroll of acquirement
  1764 | D:2      | Acquired the ring of Futeva Onuo {rPois rN+ Int+4 Stlth+}
  1791 | D:2      | Reached XP level 4. HP: 34/34 MP: 4/4
  1802 | D:2      | Found a sparkling altar of Nemelex Xobeh.
  2136 | D:2      | Reached ** piety under Fedhas
  2906 | D:3      | Reached skill level 1 in Dodging
  2906 | D:3      | Reached XP level 5. HP: 37/39 MP: 5/5
  2937 | D:3      | Slain by a gnoll

Illustrated notes

Levels and vault maps discovered:
D:1:      wander_arrival_chamber, layout_basic, basic_ecumenical_altar
D:2:      layout_loops_ring, basic_altar
D:3:      layout_rooms, minmay_increasing_density

Skill      XL: |  1  2  3  4 |
---------------+-------------+-----
Short Blades   | 1 2 |  2.4
Dodging        | 1 |  1.1
Fighting       | |  2.5
Throwing       | |  1.8
Armour         | |  2.7
Shields        | |  4.1
Evocations     | |  1.8

Action                   |  1- 3 |  4- 6 || total
-------------------------+-------+-------++-------
Melee: Dagger            |    52 |       ||    52
       Short sword       |    89 |    76 ||   165
Throw: Boomerang         |       |     3 ||     3
Invok: Wall of Briars    |       |     1 ||     1
  Use: Scroll            |     6 |     5 ||    11
       Potion            |       |     1 ||     1
 Stab: Sleeping          |       |     3 ||     3
Armor: Ring mail         |    74 |    78 ||   152
Dodge: Dodged            |    62 |    60 ||   122
Block: Buckler           |    55 |    39 ||    94
